 Dungeon Crawl Stone Soup version 0.20.1-1-g8b1a95d66d (webtiles) character file.

674 Ivernyr the Slinger (level 7, -4/48 HPs)
             Began as a Halfling Hunter on Nov 18, 2017.
             Splashed by a jelly's acid (9 damage)
             ... on level 5 of the Dungeon.
             The game lasted 00:16:11 (4809 turns).

Ivernyr the Slinger (Halfling Hunter)               Turns: 4809, Time: 00:16:12

Health: -4/48      AC:  3    Str: 13    XL:     7   Next: 90%
Magic:  7/7        EV: 17    Int: 17    God:
Gold:   226        SH:  0    Dex: 16    Spells: 6/6 levels left

rFire    . . .     SeeInvis +   b - +2 dagger (venom)
rCold    . . .     Gourm    .   (shield restricted)
rNeg     + . .     Faith    .   c - +0 leather armour
rPois    .         Spirit   .   r - +1 helmet "Unaggizo" {rN+ Int+7}
rElec    .         Reflect  .   (no cloak)
rCorr    .         Harm     .   w - +0 pair of gloves
MR       .....                  t - +0 pair of boots
Stlth    +.........             (no amulet)
Regen    0.2/turn               u - ring of see invisible (curse)
MPRegen  0.1/turn               o - ring of loudness (curse)

@: corroded
A: mutation resistance 1
a: no special abilities


You were on level 5 of the Dungeon.
You were not hungry.

You visited 1 branch of the dungeon, and saw 5 of its levels.

You collected 226 gold pieces.

Inventory:

Hand Weapons
 a - a +1 hunting sling
 b - a +2 dagger of venom (weapon)
Missiles
 d - 39 sling bullets
 e - 141 stones (quivered)
 I - 5 tomahawks
Armour
 c - a +0 leather armour (worn)
 r - the +1 helmet "Unaggizo" (worn) {rN+ Int+7}
   (You took it off Robin on level 2 of the Dungeon)

   It affects your intelligence (+7).
   It protects you from negative energy.
 t - a +0 pair of boots (worn)
 w - a +0 pair of gloves (worn)
Jewellery
 l - an uncursed ring of wizardry
 o - a cursed ring of loudness (right hand)
 u - a cursed ring of see invisible (left hand)
Wands
 H - a wand of lightning (7/15)
Scrolls
 g - a scroll of identify {unknown}
 n - a scroll of enchant armour {unknown}
 q - a scroll of immolation {unknown}
 s - 2 scrolls of enchant weapon {unknown}
 v - a scroll of teleportation {unknown}
 x - 2 scrolls of remove curse {unknown}
 y - 2 scrolls of blinking {unknown}
 D - 4 scrolls of magic mapping {unknown}
 G - 2 scrolls of fog {unknown}
 J - 2 scrolls of amnesia {unknown}
Potions
 h - 2 potions of heal wounds
 i - a potion of magic {unknown}
 p - a potion of curing {unknown}
 z - 2 potions of ambrosia {unknown}
 A - 2 potions of invisibility {unknown}
 B - a potion of lignification {unknown}
 C - 2 potions of might {unknown}
 E - 2 potions of mutation {unknown}
 F - a potion of brilliance {unknown}
Comestibles
 f - 2 bread rations
 j - 3 meat rations
 k - 4 fruits
 m - 3 royal jellies


   Skills:
 - Level 4.0 Fighting
 + Level 0.5 Short Blades
 * Level 10.0 Slings
 + Level 4.6 Dodging
 - Level 1.1 Stealth


You had 6 spell levels left.
You didn't know any spells.

Dungeon Overview and Level Annotations

Branches:
Dungeon (5/15)
 Temple: D:4-7

Altars:
Ashenzari
Dithmenos
Kikubaaqudgha

Annotations:
D:4 sarloveze's ghost, novice HaBe


Innate Abilities, Weirdness & Mutations

You are small and have problems with some larger weapons.
You are somewhat resistant to further mutation.


Message History

* * * LOW HITPOINT WARNING * * *
The acid corrodes you!
You are splashed with acid!
The acid burns!
* * * LOW HITPOINT WARNING * * *
There is a stone staircase leading up here.
You see here a leather armour.
There is a stone staircase leading up here.
You see here a leather armour.
The jelly closely misses you.
There is a stone staircase leading up here.
You see here a leather armour.
The jelly jiggles.
There is a stone staircase leading up here.
You are no longer corroded.
You hit the jelly.
The jelly is poisoned.
Your hands burn!
* * * LOW HITPOINT WARNING * * *
The jelly is severely wounded.
The jelly hits you.
* * * LOW HITPOINT WARNING * * *
The acid corrodes you!
You are splashed with acid!
The acid burns!
You die...

##......###
#..........
.####......<#
............#
......../...###
######....#...#
##.###.#.#
#.###.# #
#.J@[.# #.#####
#.# #.. ..#.
#...# ##. # .
##


You could see a jelly.

Vanquished Creatures
  Sigmund (D:2)
  Blork the orc (D:4)
  A scorpion (D:4)
  3 orc priests (D:4)
  4 orc wizards
  Robin (D:2)
  4 adders
  An adder skeleton (D:3)
  A worm (D:4)
  3 dart slugs
  A leopard gecko (D:4)
  15 orcs
  7 bats
  A giant cockroach (D:3)
  12 hobgoblins
  9 jackals
  2 quokkas (D:3)
  A ball python (D:4)
  8 frilled lizards
  18 goblins
  7 kobolds
  11 rats
112 creatures vanquished.

Vanquished Creatures (others)
  An orc wizard (D:4)
1 creature vanquished.

Grand Total: 113 creatures vanquished

Notes
Turn   | Place    | Note
-------+----------+-------------------------------------------
     0 | D:1      | Ivernyr the Halfling Hunter began the quest for the Orb.
     0 | D:1      | Reached XP level 1. HP: 14/14 MP: 1/1
   378 | D:1      | Reached skill level 6 in Slings
   622 | D:1      | Reached XP level 2. HP: 19/19 MP: 2/2
   949 | D:1      | Reached XP level 3. HP: 19/25 MP: 3/3
  1695 | D:2      | Noticed Robin
  1720 | D:2      | Reached XP level 4. HP: 25/30 MP: 4/4
  1728 | D:2      | Killed Robin
  1728 | D:2      | Reached skill level 7 in Slings
  1730 | D:2      | Got a steaming helmet
  1736 | D:2      | Identified the +1 helmet "Unaggizo" {rN+ Int+7} (You took it off Robin on level 2 of the Dungeon)
  1858 | D:2      | Found a faded altar of an unknown god.
  2162 | D:2      | Found a shattered altar of Ashenzari.
  2162 | D:2      | Found an ancient bone altar of Kikubaaqudgha.
  2163 | D:2      | Found a shadowy altar of Dithmenos.
  2463 | D:2      | Noticed Sigmund
  2486 | D:2      | Killed Sigmund
  2486 | D:2      | Reached skill level 8 in Slings
  2486 | D:2      | Reached XP level 5. HP: 7/36 MP: 5/5
  2486 | D:2      | Reached XP level 6. HP: 8/42 MP: 6/6
  3905 | D:4      | Reached XP level 7. HP: 46/46 MP: 7/7
  3932 | D:4      | Reached skill level 9 in Slings
  3943 | D:4      | Noticed Blork the orc
  3965 | D:4      | Killed Blork the orc
  4300 | D:4      | Reached skill level 10 in Slings
  4547 | D:4      | Noticed sarloveze's ghost (novice HaBe)
  4756 | D:5      | Entered Level 5 of the Dungeon
  4809 | D:5      | Splashed by a jelly's acid

Skill      XL: |  1  2  3  4  5  6  7 |
---------------+----------------------+-----
Fighting       | 2 3 4 |  4.0
Slings         | 6 8 10 | 10.0
Dodging        | 3 4 |  4.6
Short Blades   | |  0.5
Stealth        | |  1.1

Action                   |  1- 3 |  4- 6 |  7- 9 || total
-------------------------+-------+-------+-------++-------
Melee: Short sword       |    81 |       |       ||    81
       Dagger            |    41 |   152 |    64 ||   257
 Fire: Hunting sling     |       |    29 |    55 ||    84
  Use: Potion            |       |       |     1 ||     1
  Eat: Chunk             |     3 |     6 |     3 ||    12
Armor: Leather armour    |    24 |    51 |    13 ||    88
Dodge: Dodged            |    73 |   130 |    76 ||   279
